 Dungeon Crawl Stone Soup version 0.29.1-12-g30fa7ad0bf (webtiles) character file.

Game seed: 13854475788373537128

1740 fantasyman the Cleaver (level 9, -5/76 (79) HPs)
             Began as a Hill Orc Fighter on Dec 19, 2022.
             Was an Initiate of the Shining One.
             Slain by an orc warrior
             ... wielding a +2 halberd of protection
             ... created by the wrath of Beogh
              (18 damage)
             ... on level 6 of the Dungeon.
             The game lasted 00:07:11 (5314 turns).

fantasyman the Cleaver (Hill Orc Fighter)           Turns: 5314, Time: 00:07:12

HP:   -5/76 (79)    AC:  9    Str: 21 (23) XL:     9   Next: 5%
MP:   9/9           EV:  9    Int:  5 (8)  God:    the Shining One [......]
Gold: 340           SH:  4    Dex:  7 (10) Spells: 8/8 levels left

rFire   . . .      SeeInvis .   a - +0 war axe
rCold   . . .      Faith    .   c - +0 buckler
rNeg    . . .      Spirit   .   b - +0 scale mail
rPois   .          Reflect  .   (no helmet)
rElec   .          Harm     .   g - +0 cloak
rCorr   .          Rampage  .   (no gloves)
Will    .....                   (no boots)
Stlth   ..........              (no amulet)
HPRegen 0.22/turn               e - ring of flight
MPRegen 0.11/turn               (no ring)

@: mighty, flying, glowing, lightly drained
A: no striking features
a: Renounce Religion


You were on level 6 of the Dungeon.
You worshipped the Shining One.
The Shining One was noncommittal.
You visited 2 branches of the dungeon, and saw 7 of its levels.

You collected 340 gold pieces.

Inventory:

Hand Weapons
 a - a +0 war axe (weapon)
Armour
 b - a +0 scale mail (worn)
 c - a +0 buckler (worn)
 g - a +0 cloak (worn)
Jewellery
 e - a ring of flight (left hand)
 w - a ring of protection from cold
 x - a +6 ring of intelligence
Wands
 f - a wand of flame (17)
 o - a wand of roots (10)
 r - a wand of mindburst (9)
Scrolls
 d - a scroll of silence {unknown}
 j - a scroll of magic mapping {unknown}
 k - 2 scrolls of acquirement {unknown}
 l - 4 scrolls of teleportation {unknown}
 n - a scroll of noise {unknown}
 p - 3 scrolls of blinking {unknown}
 q - 5 scrolls of identify {unknown}
 v - a scroll of amnesia {unknown}
 y - a scroll of brand weapon {unknown}
 A - a scroll of enchant armour {unknown}
Potions
 m - 3 potions of curing
 t - a potion of might
 z - a potion of heal wounds {unknown}
 B - 2 potions of lignification {unknown}


   Skills:
 + Level 7.1 Fighting
 + Level 10.9 Axes
 + Level 7.2 Armour
 - Level 3.2 Shields


You had 8 spell levels left.
You didn't know any spells.
Your spell library contained the following spells:

 Spells                   Type           Power      Damage    Failure   Level
 Apportation              Tloc           0%         N/A       86%         1
 Magic Dart               Conj           0%         1d3       86%         1
 Necrotise                Necr           0%         1d4       86%         1
 Slow                     Hex            0%         N/A       86%         1
 Summon Small Mammal      Summ           0%         N/A       86%         1
 Call Imp                 Summ           0%         N/A       95%         2
 Call Canine Familiar     Summ           0%         N/A       99%         3
 Confusing Touch          Hex            0%         N/A       99%         3
 Mephitic Cloud           Conj/Pois/Air  0%         N/A       99%         3
 Summon Guardian Golem    Hex/Summ       0%         N/A       99%         3
 Vampiric Draining        Necr           0%         2d6       99%         3
 Animate Dead             Necr           0%         N/A       100%        4
 Olgreb's Toxic Radiance  Pois           0%         N/A       100%        4
 Haunt                    Necr/Summ      0%         N/A       100%        7
 Ozocubu's Refrigeration  Ice            0%         4d7       100%        7
 Ignition                 Fire           0%         3d3       100%        8
 Infestation              Necr           0%         N/A       100%        8


Dungeon Overview and Level Annotations

Branches:
Dungeon (6/15)             Temple (1/1) D:5

Altars:
Cheibriados
Elyvilon
Gozag
Hepliaklqana
Kikubaaqudgha
Nemelex Xobeh
Okawaru
Ru
Sif Muna
Uskayaw
Vehumet
Wu Jian
Xom
Zin
The Shining One
Beogh


Message History

You feel a little less mighty now.
Your resistance to elements expires.
You start resting.
You flicker back into view.
You start resting.
Beogh sends forth an army of orcs.
An orc warrior and 4 orcs come into view.
The orc warrior is wielding a +2 halberd of protection.
There are monsters nearby!
You feel very mighty all of a sudden.
The orc shouts! x2
You slash the orc warrior!
The orc warrior is moderately wounded.
You hit the orc. You block the orc warrior's attack.
The orc hits you with a +0 dagger.
You hit the orc warrior.
The orc warrior is heavily wounded.
You hit the orc.
The orc warrior hits you with a +2 halberd of protection!
The orc hits you but does no damage.
You hit the orc warrior.
The orc warrior is severely wounded.
You barely miss the orc.
The orc warrior hits you with a +2 halberd of protection!!
* * * LOW HITPOINT WARNING * * *
The orc hits you but does no damage.
You hit the orc warrior but do no damage.
The orc warrior is severely wounded.
You hit the orc.
You kill the orc!
That felt strangely unrewarding.
The orc warrior barely misses you.
You hit the orc warrior.
The orc warrior is almost dead.
You hit the orc warrior.
The orc warrior is almost dead.
The orc warrior hits you with a +2 halberd of protection.
* * * LOW HITPOINT WARNING * * *
You hit the orc warrior but do no damage.
The orc warrior is almost dead.
The orc warrior hits you with a +2 halberd of protection!!
You die...

####
...
#..
#o.
#o#
#o#
#o#
#@#
#<#
###


You could see an orc warrior and 3 orcs.

Vanquished Creatures
  Grinder (D:3)
  2 ice beasts (D:5)
  A black bear (D:4)
  An ogre (D:5)
  A centaur (D:5)
  A phantom (D:5)
  Blork the orc (D:6)
  A bullfrog (D:4)
  2 scorpions
  4 wights
  2 howler monkeys
  5 hounds
  A jelly (D:4)
  2 iguanas
  Ijyb (D:3)
  An orc wizard (D:5)
  A gnoll (D:5)
  6 adders
  3 white imps
  An ufetubus (D:4)
  3 worms
  A dart slug (D:1)
  24 orcs
  9 endoplasms
  3 giant cockroaches
  11 goblins
  9 hobgoblins
  3 jackals (D:1)
  3 quokkas (D:2)
  6 ball pythons
  11 bats
  4 frilled lizards
  4 kobolds
  5 rats
134 creatures vanquished.

Notes
Turn   | Place    | Note
-------+----------+-------------------------------------------
     0 | D:1      | fantasyman the Hill Orc Fighter began the quest for the
                  | Orb.
     0 | D:1      | Reached XP level 1. HP: 19/19 MP: 1/1
    57 | D:1      | Reached XP level 2. HP: 25/27 MP: 2/2
   173 | D:1      | Reached skill level 3 in Axes
   639 | D:1      | Reached XP level 3. HP: 33/33 MP: 3/3
   873 | D:1      | Found a roughly hewn altar of Beogh.
   895 | D:1      | Became a worshipper of Beogh the Brigand
   935 | D:1      | Found a faded altar of an unknown god.
  1367 | D:2      | Reached skill level 4 in Axes
  1369 | D:2      | Reached XP level 4. HP: 41/41 MP: 4/4
  2090 | D:3      | Noticed Grinder
  2128 | D:3      | Paralysed by Grinder for 4 turns
  2136 | D:3      | Killed Grinder
  2137 | D:3      | Reached skill level 5 in Fighting
  2137 | D:3      | Reached skill level 6 in Axes
  2137 | D:3      | Reached XP level 5. HP: 21/48 MP: 5/5
  2137 | D:3      | Reached XP level 6. HP: 24/56 MP: 6/6
  2343 | D:3      | Reached * piety under Beogh
  2471 | D:3      | Noticed Ijyb
  2483 | D:3      | Killed Ijyb
  2700 | D:3      | Found a hazy altar of Hepliaklqana.
  2938 | D:4      | Found an opulent altar of Gozag.
  2951 | D:4      | Reached skill level 7 in Axes
  3217 | D:4      | Reached skill level 5 in Armour
  3217 | D:4      | Reached XP level 7. HP: 58/61 MP: 7/7
  3390 | D:4      | Found an iron altar of Okawaru.
  3573 | D:4      | Reached skill level 8 in Axes
  3783 | D:5      | Entered Level 5 of the Dungeon
  3799 | D:5      | Reached ** piety under Beogh
  3917 | D:5      | Reached XP level 8. HP: 70/70 MP: 8/8
  3993 | D:5      | Reached skill level 9 in Axes
  4474 | D:5      | Reached skill level 10 in Axes
  4655 | D:5      | Found a staircase to the Ecumenical Temple.
  4736 | D:5      | Found a glowing silver altar of Zin.
  4737 | D:5      | Found a shimmering blue altar of Sif Muna.
  4737 | D:5      | Found a white marble altar of Elyvilon.
  4828 | Temple   | Entered the Ecumenical Temple
  4849 | Temple   | Fell from the grace of Beogh
  4849 | Temple   | Became a worshipper of the Shining One
  4921 | D:6      | Noticed Blork the orc
  4927 | D:6      | Killed Blork the orc
  4955 | D:5      | Reached XP level 9. HP: 26/78 MP: 9/9
  5112 | D:5      | Noticed an orc knight
  5137 | D:6      | HP: 2/74 [wight/+0 spear (3)]
  5314 | D:6      | Slain by an orc warrior

Illustrated notes

Levels and vault maps discovered:
D:1:      shiori_arrival_oz, layout_loops_ring,
          hellmonk_ecumenical_altar_defaced_shrine, nrook_uturn,
          minmay_tromino_i2
D:2:      kb_forest_paths, layout_loops_ring
D:3:      layout_rooms, worldfamousw_hep_ancestral_shrine,
          kennysheep_generic_room_10, uniq_grinder, uniq_ijyb
D:4:      layout_loops_cross, mainiacjoe_overflow_catch_the_wave,
          ebering_dispersal_statue_hall
D:5:      layout_rooms, chequers_temple_overflow_statue_of_worship,
          minmay_temple_entry_poolview, minmay_hedge_maze,
          dreamdust_wishing_well, minmay_diced_spiral
D:6:      layout_basic, due_unseen_surprise, uniq_edmund,
          uniq_crazy_yiuf_cottage, uniq_blork_the_orc
Temple:   nicolae_temple_god_jail

Skill      XL: |  1  2  3  4  5  6  7  8 |
---------------+-------------------------+-----
Fighting       | 4 5 6 7 |  7.1
Axes           | 3 4 6 7 8 10 | 10.9
Armour         | 4 5 7 |  7.2
Shields        | |  3.2

Action                   |  1- 3 |  4- 6 |  7- 9 || total
-------------------------+-------+-------+-------++-------
Melee: War axe           |   124 |   121 |   192 ||   437
  Use: Potion            |       |     1 |    10 ||    11
Armor: Scale mail        |    69 |    58 |   110 ||   237
Dodge: Dodged            |    64 |    48 |    87 ||   199
Block: Buckler           |    26 |    28 |    43 ||    97
